 Dungeon Crawl Stone Soup version 0.27-a0-1123-g2f9bb313c0 (webtiles) character file.

Game seed: 15128854629986563948

193742 karkarkar the Tortoise (level 17, -7/158 HPs)
             Began as a Minotaur Berserker on Apr 30, 2021.
             Was a High Priest of Trog.
             Mangled by a redback (11 damage)
             ... on level 4 of the Spider Nest on May 3, 2021.
             The game lasted 04:01:13 (33253 turns).

karkarkar the Tortoise (Minotaur Berserker)        Turns: 33253, Time: 04:01:14

Health: -7/158     AC: 25    Str: 36      XL:     17   Next: 65%
Magic:  5/5        EV: 11    Int:  5 (6)  God:    Trog [*****.]
Gold:   1483       SH: 25    Dex: 15      Spells: 16/16 levels left

rFire    + . .     SeeInvis .   G - +7 broad axe of False Accusations {antimagic, rElec rC+ rCorr}
rCold    + + .     Faith    .   b - +1 tower shield
rNeg     . . .     Spirit   .   x - +0 gold dragon scales
rPois    +         Reflect  .   z - +2 hat {Stlth+}
rElec    +         Harm     .   k - +0 cloak
rCorr    +         Rampage  .   n - +2 pair of gloves {Str+3}
Will     ++++.                  e - +2 pair of boots
Stlth    ..........             d - amulet of regeneration
HPRegen  2.36/turn              P - +6 ring of dexterity
MPRegen  0.09/turn              v - ring "Haveach" {+Blink rPois Str+6 Int+2 Dex-5}

@: lethally poisoned (-7 -> -7), strong-willed, corroded, regenerating, studying
Stealth
A: horns 2, retaliatory headbutt, strong-willed 1, strong 1
}: 1/15 runes: decaying
a: Renounce Religion, Evoke Blink, Berserk, Trog's Hand, Brothers in Arms


You were on level 4 of the Spider Nest.
You worshipped Trog.
Trog was extremely pleased with you.
You visited 6 branches of the dungeon, and saw 32 of its levels.

You collected 2954 gold pieces.
You spent 1471 gold pieces at shops.

Inventory:

Hand Weapons
 l - a +6 demon whip of draining
 u - the +8 battleaxe of Harmony {vorpal, rPois}
   (You found it on level 1 of the Spider Nest)

   It inflicts extra damage upon your enemies.
   It protects you from poison.
 G - the +7 broad axe of False Accusations (weapon) {antimagic, rElec rC+ rCorr}
   (Trog gifted it to you on level 4 of the Swamp)

   It reduces the magical energy of the wielder, and disrupts the spells and
   magical abilities of those hit.
   Natural abilities and divine invocations are not affected.
   It protects you from cold.
   It insulates you from electricity.
   It protects you from acid and corrosion.
 T - the +1 trident of Insomnia {holy, +Blink rPois Int-4 Stlth+}
   (You found it on level 2 of the Spider Nest)

   It has been blessed by the Shining One to cause great damage to the undead
   and demons.
   It affects your intelligence (-4).
   It protects you from poison.
   It lets you blink.
   It makes you more stealthy.
Missiles
 j - 6 throwing nets
 F - 16 curare-tipped darts (quivered)
Armour
 b - a +1 tower shield (worn)
 e - a +2 pair of boots (worn)
 k - a +0 cloak (worn)
 n - a +2 pair of gloves of strength (worn)
 x - +0 gold dragon scales (worn)
 z - a +2 hat of stealth (worn)
 A - the +1 ring mail of Xuhit {Regen+}
   (You found it on level 6 of the Dungeon)

   It increases your rate of health regeneration.
 W - +0 acid dragon scales
Jewellery
 a - the ring "Ucwi Wui" {rC+ Str+3}
   (You found it on level 6 of the Dungeon)

   [ring of protection from cold]

   It affects your strength (+3).
   It protects you from cold.
 d - an amulet of regeneration (around neck)
 s - a +4 ring of evasion
 v - the ring "Haveach" (right hand) {+Blink rPois Str+6 Int+2 Dex-5}
   (You found it on level 6 of the Lair of Beasts)

   [ring of strength]

   It affects your strength (+6).
   It affects your intelligence (+2).
   It affects your dexterity (-5).
   It protects you from poison.
   It lets you blink.
 C - the ring "Kawoda" {Fly rF- rN++ Int+6}
   (You found it on level 8 of the Dungeon)

   [ring of intelligence]

   It affects your intelligence (+6).
   It makes you vulnerable to fire.
   It greatly protects you from negative energy.
   It grants you flight.
 E - a ring of resist corrosion
 P - a +6 ring of dexterity (left hand)
Wands
 r - a wand of mindburst (46)
 K - a wand of charming (6)
 O - a wand of polymorph (28)
 Q - a wand of iceblast (26)
 U - a wand of acid (8)
 V - a wand of paralysis (6)
 X - a wand of digging (3)
Scrolls
 f - 6 scrolls of teleportation
 h - a scroll of silence
 m - 3 scrolls of brand weapon
 q - 2 scrolls of fear
 t - 2 scrolls of summoning
 w - 3 scrolls of fog
 y - 5 scrolls of magic mapping
 D - 3 scrolls of torment
 H - a scroll of holy word
 J - 2 scrolls of immolation
 R - 9 scrolls of identify
 Z - 4 scrolls of blinking
Potions
 c - a potion of berserk rage
 g - 10 potions of curing
 i - 2 potions of cancellation
 o - 6 potions of lignification
 p - 2 potions of ambrosia
 B - a potion of haste
 L - a potion of heal wounds
 M - 2 potions of flight
 N - a potion of magic
 S - 3 potions of might
 Y - 5 potions of brilliance
Miscellaneous
 I - a box of beasts


   Skills:
 + Level 15.8 Fighting
 * Level 17.4(17.9) Axes
 - Level 6.8(13.3) Maces & Flails
 * Level 2.6(12.0) Polearms
 + Level 1.3 Throwing
 * Level 17.8 Armour
 + Level 10.8 Dodging
 + Level 10.2 Stealth
 + Level 17.1 Shields
 + Level 0.7 Evocations


You had 16 spell levels left.
You didn't know any spells.
Your spell library contained the following spells:

 Spells                   Type           Power      Damage    Failure   Level
 Apportation              Tloc           0%         N/A       100%        1
 Freeze                   Ice            0%         1d3       100%        1
 Magic Dart               Conj           0%         1d3       100%        1
 Summon Small Mammal      Summ           0%         N/A       100%        1
 Blink                    Tloc           N/A        N/A       100%        2
 Call Imp                 Summ           0%         N/A       100%        2
 Poisonous Vapours        Pois/Air       0%         N/A       100%        2
 Slow                     Hex            0%         N/A       100%        2
 Sublimation of Blood     Necr           0%         N/A       100%        2
 Call Canine Familiar     Summ           0%         N/A       100%        3
 Confusing Touch          Hex            0%         N/A       100%        3
 Conjure Flame            Conj/Fire      0%         6-21      100%        3
 Frozen Ramparts          Ice            0%         1d2       100%        3
 Gell's Gravitas          Tloc           0%         N/A       100%        3
 Ignite Poison            Fire/Tmut/Pois 0%         N/A       100%        3
 Lesser Beckoning         Tloc           0%         N/A       100%        3
 Mephitic Cloud           Conj/Pois/Air  0%         N/A       100%        3
 Ozocubu's Armour         Ice            0%         N/A       100%        3
 Summon Guardian Golem    Hex/Summ       0%         N/A       100%        3
 Tukima's Dance           Hex            0%         N/A       100%        3
 Cause Fear               Hex            0%         N/A       100%        4
 Hailstorm                Conj/Ice       0%         3d3       100%        4
 Petrify                  Tmut/Erth      0%         N/A       100%        4
 Summon Ice Beast         Ice/Summ       0%         N/A       100%        4
 Summon Lightning Spire   Summ/Air       0%         N/A       100%        4
 Alistair's Intoxication  Tmut/Pois      0%         N/A       100%        5
 Fireball                 Conj/Fire      0%         3d3       100%        5
 Irradiate                Conj/Tmut      0%         3d13      100%        5
 Metabolic Englaciation   Hex/Ice        0%         N/A       100%        5
 Silence                  Hex/Air        0%         N/A       100%        5
 Yara's Violent Unravell  Hex/Tmut       0%         3d3       100%        5
 Eringya's Noxious Bog    Tmut/Pois      0%         N/A       100%        6
 Freezing Cloud           Conj/Ice/Air   0%         6-21      100%        6
 Invisibility             Hex            0%         N/A       100%        6
 Starburst                Conj/Fire      0%         8x6d3     100%        6
 Discord                  Hex            0%         N/A       100%        8
 Ignition                 Fire           0%         3d3       100%        8


Dungeon Overview and Level Annotations

Branches:
Dungeon (15/15)            Temple (0/1) D:7            Lair (6/6) D:11
  Swamp (4/4) Lair:3       Spider (4/4) Lair:2        Slime (1/5) Lair:5
    Orc (2/2) D:11            Elf (0/3) Orc:2        Vaults (0/5) D:13
 Depths (0/5) D:15

Altars:
Dithmenos
Elyvilon
Hepliaklqana
Kikubaaqudgha
Makhleb
Nemelex Xobeh
Qazlal
Sif Muna
Trog
Vehumet
Wu Jian
Xom
Yredelemnul
Zin
The Shining One
Beogh
Jiyva

Shops:
D:6 :   D:7 :   D:9 !   D:13 [   D:14 *   Orc:2 [([*

Portals:
Trove: D:10 (give 7 scrolls of fog)

Annotations:
D:4 exclusion: statue
D:9 1 runed translucent door, noodleboyJ's ghost, novice HOFi
Swamp:2 Roxanne


Innate Abilities, Weirdness & Mutations

You have a pair of horns on your head.
You reflexively headbutt those who attack you in melee.
You are strong-willed. (Will+)
Your muscles are strong. (Str +2)


Message History

The redback bites you but does no damage.
You block the wolf spider's attack.
The wolf spider bites you but does no damage.
You block the redback's attack.
You barely miss the redback. Your headbutt misses the redback.
The redback is almost dead.
You slash the wolf spider!
You feel very sick. You block the wolf spider's attack.
The wolf spider barely misses you. You block the redback's attack.
You block the wolf spider's attack. The wolf spider completely misses you.
You block the redback's attack.
You feel very sick.
The wolf spider rages.
The redback barely misses you. You furiously retaliate!
You headbutt the redback!
You kill the redback!
Trog accepts your kill. You block the wolf spider's attack.
The wolf spider bites you but does no damage.
The entropy weaver gestures at you while chanting.
The entropic weave corrodes you!
You feel very sick.
You block the wolf spider's attack. x2; The entropy weaver is caught in a web!
The wolf spider barely misses you. You furiously retaliate!
You headbutt the wolf spider, but do no damage.
You block the wolf spider's attack.
You feel very sick.
The entropy weaver pulls away from the web.
You block the wolf spider's attack. The wolf spider bites you!
* * * LOW HITPOINT WARNING * * *
The redback bites you but does no damage.
There is a stone staircase leading up here.
You feel sick.
The redback is no longer berserk.
You block the wolf spider's attack. The wolf spider bites you!
* * * LOW HITPOINT WARNING * * *
You block the redback's attack. The wolf spider hits you.
* * * LOW HITPOINT WARNING * * *
The wolf spider bites you but does no damage.
The redback bites you!
You die...

## #^# #.###..##
.......^##
#^.....@.######
.....#.ss#.^#.###
#.. ##s....#...##
# #..s#B^....#
##..##^.#..#
##.#...†.##
###^.#...#
#..#^.....#
#...####...#


You could see an entropy weaver, a wolf spider (berserk), an orb spider and 2
redbacks.

Vanquished Creatures
  Mara (Swamp:3)
  Nikola (Swamp:1)
  Arachne (Spider:2)
  A tentacled monstrosity (Swamp:4)
  Gastronok (Lair:2)
  A thorn hunter (Swamp:4)
  A fenstrider witch (Swamp:4)
  2 ghost moths
  An emperor scorpion (Spider:3)
  The ghost of cobaltphoenix the Brawler, a journeyman TrBe of Trog (Lair:6)
  3 very ugly things
  3 entropy weavers
  2 bunyips
  A dire elephant (Lair:6)
  A spark wasp (Spider:3)
  2 green deaths (Swamp:4)
  An ettin (Orc:2)
  3 eleionomae
  A rakshasa (D:15)
  Erolcha (Orc:1)
  12 hydras
  An ogre mage (Orc:2)
  7 boulder beetles
  2 centaur warriors
  8 two-headed ogres
  An anaconda (D:14)
  3 catoblepae
  2 dancing weapons (D:13)
  4 alligators
  A deep troll shaman (Lair:6)
  3 tengu warriors (D:15)
  3 death yaks (Lair:6)
  Urug (Lair:3)
  A skeletal warrior (D:13)
  A fire crab (Lair:6)
  2 deep trolls (Orc:2)
  8 goliath frogs
  An orc knight (Orc:2)
  2 bog bodies (Swamp:4)
  2 spriggan druids
  4 swamp dragons (Swamp:4)
  6 deep elf pyromancers
  14 orb spiders
  20 ugly things
  9 cyclopes
  2 will-o-the-wisps
  17 wolf spiders
  4 manticores
  An orc sorcerer (Orc:1)
  A moth of wrath (Lair:6)
  3 elephants (Lair:6)
  2 naga magi (D:14)
  7 black mambas
  A gargoyle (D:12)
  2 large abominations (Swamp:4)
  4 orange demons (Swamp:4)
  4 rime drakes
  11 cane toads
  An unseen horror (D:12)
  3 kobold demonologists
  An efreet (D:15)
  5 demonic crawlers
  3 komodo dragons
  3 tengu conjurers (D:13)
  11 trolls
  A polar bear (Lair:5)
  Prince Ribbit (Lair:3)
  25 jumping spiders
  5 hornets
  A raiju (shapeshifter) (D:13)
  2 tyrant leeches
  28 slime creatures
  Grinder (D:3)
  23 blink frogs
  10 dream sheep
  2 shadows
  50 redbacks
  A wraith (D:13)
  8 spriggans
  5 wyverns
  15 tarantellas
  55 yaks
  6 basilisks
  2 steam dragons
  10 vampire mosquitoes
  Menkaure (D:5)
  2 wargs
  13 swamp worms
  An acid dragon (D:10)
  11 water moccasins
  A floating eye (shapeshifter) (D:15)
  An ice beast (D:7)
  2 swamp drakes
  3 black bears
  A necrophage (D:5)
  13 orc warriors
  20 wolves
  14 ogres
  A phantom (D:4)
  12 centaurs
  4 kobold brigands
  Blork the orc (D:5)
  10 bullfrogs
  7 gnoll sergeants
  2 scorpions
  A small abomination (Swamp:4)
  2 howler monkeys
  6 wights
  3 electric eels
  3 bullfrog zombies
  5 hounds
  3 jellies
  5 centaur zombies
  3 centaur skeletons
  6 orc priests
  2 gnoll shamans (D:6)
  5 iguanas
  Natasha (thrice) (D:3)
  16 orc wizards
  A killer bee zombie (D:7)
  3 howler monkey zombies
  3 adders
  34 gnolls
  A howler monkey skeleton (D:6)
  3 shadow imps
  2 white imps
  An ufetubus (D:6)
  A worm (D:2)
  3 dart slugs
  52 orcs
  4 ball pythons
  6 bats
  8 endoplasms
  4 giant cockroaches
  6 goblins
  9 hobgoblins
  10 jackals
  2 quokkas (D:2)
  3 frilled lizards
  24 kobolds
  4 rats
  A spectral kobold (D:11)
852 creatures vanquished.

Vanquished Creatures (collateral kills)
  Louise (D:15)
  An ogre mage (Orc:2)
  3 hydras (Swamp:2)
  A naga warrior (D:14)
  2 two-headed ogres (Orc:2)
  A naga sharpshooter (D:14)
  A glowing orange brain (D:15)
  A swamp dragon (Swamp:4)
  2 cyclopes (Orc:2)
  A rime drake (Lair:6)
  4 trolls (Orc:2)
  A tyrant leech (Swamp:2)
  A hornet (Swamp:4)
  A spriggan (Swamp:4)
  4 yaks (Lair:6)
  2 vampire mosquitoes (Swamp:2)
  2 swamp worms (Swamp:4)
  2 orc warriors
  8 ogres (Orc:2)
  A centaur (D:9)
  A kobold brigand (D:9)
  A gnoll sergeant (D:6)
  A gnoll shaman (D:6)
  An orc wizard (Orc:2)
  3 gnolls (D:6)
  2 orcs
  2 kobolds (D:9)
51 creatures vanquished.

Vanquished Creatures (others)
  A ghost moth (Spider:2)
  A wizard (D:14)
  2 bloated husks
  A quokka (D:5)
  19 foxfires (Swamp:3)
  30 fungi
  21 plants
75 creatures vanquished.

Grand Total: 978 creatures vanquished

Notes
Turn   | Place    | Note
-------+----------+-------------------------------------------
     0 | D:1      | karkarkar the Minotaur Berserker began the quest for the
                  | Orb.
     0 | D:1      | Reached XP level 1. HP: 19/19 MP: 0/0
   454 | D:1      | Reached XP level 2. HP: 27/27 MP: 1/1
  1023 | D:2      | Reached XP level 3. HP: 23/33 MP: 2/2
  1458 | D:2      | Reached ** piety under Trog
  1985 | D:3      | Found a basalt altar of Yredelemnul.
  2009 | D:3      | Noticed Grinder
  2015 | D:3      | Paralysed by Grinder for 5 turns
  2038 | D:3      | Paralysed by Grinder for 6 turns
  2044 | D:3      | HP: 1/33 [Grinder (1)]
  2045 | D:3      | Killed Grinder
  2046 | D:3      | Reached skill level 1 in Stealth
  2046 | D:3      | Reached XP level 4. HP: 1/41 MP: 3/3
  2046 | D:3      | Reached XP level 5. HP: 2/47 MP: 4/4
  2390 | D:3      | Found a shimmering blue altar of Sif Muna.
  2506 | D:3      | Reached skill level 5 in Fighting
  2699 | D:3      | Reached XP level 6. HP: 56/56 MP: 5/5
  2845 | D:3      | Found a faded altar of an unknown god.
  2903 | D:3      | Found a glowing golden altar of the Shining One.
  3223 | D:3      | Found an ancient bone altar of Kikubaaqudgha.
  3223 | D:3      | Noticed Natasha
  3226 | D:3      | Killed Natasha
  3524 | D:3      | Noticed Natasha
  3531 | D:3      | Killed Natasha
  3633 | D:3      | Noticed Natasha
  3644 | D:3      | Killed Natasha
  3833 | D:4      | Found a radiant altar of Vehumet.
  4059 | D:4      | Reached XP level 7. HP: 47/61 MP: 6/6
  4282 | D:4      | Found a large runed translucent door.
  4283 | D:4      | Found a large runed translucent door.
  4305 | D:4      | Reached *** piety under Trog
  4326 | D:4      | Found a shimmering altar of Xom.
  4558 | D:5      | Entered Level 5 of the Dungeon
  4587 | D:5      | Noticed Blork the orc
  4598 | D:5      | Killed Blork the orc
  4599 | D:5      | Reached skill level 5 in Armour
  4741 | D:5      | Noticed Menkaure
  4745 | D:5      | Killed Menkaure
  5003 | D:5      | Reached XP level 8. HP: 70/70 MP: 7/7
  5050 | D:5      | Found a white marble altar of Elyvilon.
  5510 | D:6      | Reached **** piety under Trog
  6265 | D:6      | Identified the +1 ring mail of Xuhit {Regen+}
  6318 | D:6      | Reached XP level 9. HP: 65/79 MP: 8/8
  6366 | D:6      | Reached skill level 10 in Axes
  6368 | D:6      | Found Reanydiu's Book Shop.
  6443 | D:6      | Identified the ring "Ucwi Wui" {rC+ Str+3}
  6998 | D:7      | Found a staircase to the Ecumenical Temple.
  7120 | D:7      | Reached skill level 5 in Dodging
  7476 | D:7      | Found Tepit's Book Shop.
  7690 | D:7      | Reached skill level 1 in Shields
  8191 | D:8      | Identified the ring "Kawoda" {Fly rF- rN++ Int+6}
  8505 | D:8      | Reached ***** piety under Trog
  8512 | D:8      | Found a stormy altar of Qazlal.
  8778 | D:9      | Found a hazy altar of Hepliaklqana.
  8854 | D:9      | Noticed a troll
  8868 | D:9      | Reached XP level 10. HP: 64/90 MP: 9/9
  9062 | D:9      | Found a glowing silver altar of Zin.
  9181 | D:9      | Found a runed translucent door.
  9183 | D:9      | Found a shimmering altar of Xom.
  9183 | D:9      | Noticed noodleboyJ's ghost (novice HOFi)
  9183 | D:9      | Noticed a +1 scimitar of chaos
  9195 | D:9      | Found Sehedwim's Distillery.
  9210 | D:9      | Bought a potion of might for 44 gold pieces
  9305 | D:9      | Found a sparkling altar of Nemelex Xobeh.
  9305 | D:9      | Found a bloodstained altar of Trog.
  9632 | D:9      | Found a shadowy altar of Dithmenos.
  9834 | D:10     | Entered Level 10 of the Dungeon
  9988 | D:10     | Found a portal to a secret trove of treasure.
 10099 | D:10     | Noticed a cyclops
 10104 | D:10     | Killed a cyclops
 10252 | D:10     | Noticed a two-headed ogre
 10262 | D:10     | Killed a two-headed ogre
 10262 | D:10     | Received a gift from Trog
 10263 | D:10     | Reached skill level 5 in Shields
 10676 | D:11     | Noticed a centaur warrior
 10692 | D:11     | Killed a centaur warrior
 10693 | D:11     | Reached XP level 11. HP: 61/97 MP: 10/10
 10781 | D:11     | Found a staircase to the Lair.
 11315 | D:11     | Found a staircase to the Orcish Mines.
 11402 | D:11     | Found a hazy altar of Hepliaklqana.
 11746 | Lair:1   | Entered Level 1 of the Lair of Beasts
 11755 | Lair:1   | Reached skill level 10 in Armour
 11997 | Lair:1   | Reached skill level 10 in Fighting
 12841 | Lair:2   | Noticed Gastronok
 12868 | Lair:2   | Killed Gastronok
 12869 | Lair:2   | Reached skill level 1 in Throwing
 12869 | Lair:2   | Reached XP level 12. HP: 107/107 MP: 11/11
 13207 | Lair:2   | Found a hole to the Spider Nest.
 13627 | Lair:3   | Noticed a seven-headed hydra
 13738 | Lair:3   | Noticed Prince Ribbit
 13759 | Lair:3   | Killed Prince Ribbit
 13762 | Lair:3   | Reached skill level 5 in Stealth
 13799 | Lair:3   | Found a staircase to the Swamp.
 13811 | Lair:3   | Noticed Urug
 13912 | Lair:3   | Received a gift from Trog
 14067 | Lair:3   | Killed Urug
 14158 | Lair:3   | Killed a seven-headed hydra
 14304 | Lair:3   | Reached skill level 1 in Maces & Flails
 15387 | Lair:4   | Gained mutation: Your muscles are strong. (Str +2) [potion
                  | of mutation]
 15387 | Lair:4   | Gained mutation: You are strong-willed. (Will+) [potion of
                  | mutation]
 15512 | Lair:5   | Reached XP level 13. HP: 116/116 MP: 12/12
 15561 | Lair:5   | Reached skill level 10 in Shields
 15659 | Lair:5   | Found a staircase to the Slime Pits.
 15659 | Lair:5   | Found a viscous altar of Jiyva.
 16377 | Lair:6   | Entered Level 6 of the Lair of Beasts
 16802 | Lair:6   | Noticed a dire elephant
 17021 | Lair:6   | Found a frozen archway.
 17087 | Lair:6   | Reached ****** piety under Trog
 17284 | Lair:6   | Found a bloodstained altar of Trog.
 17284 | Lair:6   | Noticed cobaltphoenix's ghost (journeyman TrBe)
 17319 | Lair:6   | Reached XP level 14. HP: 123/127 MP: 13/13
 17329 | Lair:6   | Found a transporter.
 17331 | Lair:6   | Found a transporter.
 17909 | Lair:6   | Reached skill level 10 in Dodging
 17991 | Lair:6   | Identified the ring "Haveach" {+Blink rPois Str+6 Int+2
                  | Dex-5}
 18243 | Lair:6   | Killed cobaltphoenix's ghost
 18425 | Slime:1  | Entered Level 1 of the Pits of Slime
 18425 | Slime:1  | Noticed a rockslime
 18543 | Swamp:1  | Entered Level 1 of the Swamp
 18692 | Swamp:1  | Upgraded the game from 0.27-a0-1105-g946c659c87 to
                  | 0.27-a0-1116-g91b3acb402
 18983 | Orc:1    | Entered Level 1 of the Orcish Mines
 19025 | Orc:1    | Noticed Erolcha
 19161 | Orc:1    | Killed Erolcha
 19308 | Orc:2    | Entered Level 2 of the Orcish Mines
 19408 | Orc:2    | Received a gift from Trog
 19432 | Orc:2    | Found a staircase to the Elven Halls.
 19446 | Orc:2    | Reached skill level 10 in Stealth
 19651 | Orc:2    | Found Utovaec's General Store.
 20056 | Orc:2    | Found Dariz's Antique Weapon Emporium.
 20068 | Orc:2    | Found Uroon's Armour Shop.
 20076 | Orc:2    | Found Uklikoposs's Antique Armour Boutique.
 20139 | Orc:2    | Bought a runed plate armour for 962 gold pieces
 20139 | Orc:2    | Bought a pair of glowing gloves for 277 gold pieces
 20157 | Orc:2    | Bought a runed war axe for 188 gold pieces
 20498 | D:12     | Received a gift from Trog
 20726 | D:12     | Found a burning altar of Makhleb.
 21235 | D:13     | Found Pustrah's Antique Armour Shop.
 21622 | D:13     | Reached skill level 15 in Axes
 21622 | D:13     | Reached XP level 15. HP: 135/137 MP: 14/14
 21723 | D:13     | Found a gate to the Vaults.
 22369 | D:14     | Identified the +0 ring mail of Dyspraxia {rPois rC+ Regen+
                  | Int-2}
 22612 | D:14     | Found Sutuc's Serpentskin Sales.
 23361 | D:15     | Entered Level 15 of the Dungeon
 23786 | D:15     | Reached skill level 15 in Armour
 24724 | D:15     | Found a staircase to the Depths.
 25064 | D:15     | Noticed Louise
 25079 | D:15     | Killed Louise
 26623 | Swamp:1  | Found an ornate altar of the Wu Jian Council.
 26673 | Swamp:1  | Noticed Nikola
 27088 | Swamp:1  | Killed Nikola
 27111 | Swamp:2  | Identified Roxanne's Incunabulum of the Mountains
 27111 | Swamp:2  | Noticed Roxanne
 27531 | Swamp:2  | Reached XP level 16. HP: 146/147 MP: 15/15
 28204 | Swamp:3  | Noticed Mara
 28211 | Swamp:3  | Noticed karkarkar's illusion
 28251 | Swamp:2  | Received a gift from Trog
 28438 | Swamp:3  | Upgraded the game from 0.27-a0-1116-g91b3acb402 to
                  | 0.27-a0-1119-gbf574a6a6b
 28663 | Swamp:3  | Reached skill level 15 in Shields
 28807 | Swamp:3  | Noticed karkarkar's illusion
 28843 | Swamp:3  | Noticed karkarkar's illusion
 28864 | Swamp:3  | Killed Mara
 28865 | Swamp:3  | Reached skill level 15 in Fighting
 29160 | Swamp:4  | Entered Level 4 of the Swamp
 29169 | Swamp:4  | Noticed a thorn hunter
 29194 | Swamp:4  | Killed a thorn hunter
 29221 | Swamp:4  | Upgraded the game from 0.27-a0-1119-gbf574a6a6b to
                  | 0.27-a0-1123-g2f9bb313c0
 30044 | Swamp:4  | Reached skill level 5 in Maces & Flails
 30149 | Swamp:4  | Noticed a tentacled monstrosity
 30166 | Swamp:4  | Killed a tentacled monstrosity
 30192 | Swamp:4  | Identified the +7 broad axe of False Accusations
                  | {antimagic, rElec rC+ rCorr} (Trog gifted it to you on
                  | level 4 of the Swamp)
 30192 | Swamp:4  | Received a gift from Trog
 30450 | Swamp:4  | Got a decaying rune of Zot
 30817 | Spider:1 | Entered Level 1 of the Spider Nest
 30864 | Spider:1 | Identified the +8 battleaxe of Harmony {vorpal, rPois}
 31219 | Spider:1 | Reached XP level 17. HP: 148/156 MP: 5/16
 32008 | Spider:2 | Received a gift from Trog
 32325 | Spider:2 | Noticed Arachne
 32398 | Spider:2 | Killed Arachne
 32413 | Spider:2 | Identified the +1 trident of Insomnia {holy, +Blink rPois
                  | Int-4 Stlth+}
 32678 | Spider:3 | Reached skill level 1 in Polearms
 32859 | Spider:3 | Received a gift from Trog
 33212 | Spider:4 | Entered Level 4 of the Spider Nest
 33253 | Spider:4 | HP: 7/158 [wolf spider (8)]
 33253 | Spider:4 | Mangled by a redback

Illustrated notes

Levels and vault maps discovered:
D:1:      onia_arrival_handbag, layout_loops_ring
D:2:      layout_basic
D:3:      layout_basic, lemuel_round_altar, nicolae_sif_muna_condensation,
          tso_oasis_becter, nicolae_overflow_hidden_temple,
          hellmonk_ecumenical_altar_zigzags, minmay_misc_feat_square,
          guppyfry_early_orc_mine, uniq_natasha, uniq_grinder
D:4:      due_chaos_kobolds, layout_cave_pools, vehumet_statue
D:5:      layout_loops_cross, elyvilon_altar_4, uniq_menkaure,
          uniq_blork_the_orc
D:6:      layout_cave_pools, serial_gnoll_camp, gnoll_camp_medium_01,
          gnoll_camp_mini_loothouse, gnoll_camp_huts_basic, gnoll_camp_mini_hut,
          gnoll_camp_mini_shop, gnoll_camp_medium_02, minivault_11
D:7:      layout_basic, temple_statues, serial_shops,
          nicolae_shop_window_shopping, minmay_manual_mares
D:8:      layout_basic, lemuel_doored_altar
D:9:      layout_cave_pods, amcnicky_altar_gilded,
          nicolae_dithmenos_through_a_glass_darkly, zin_statuary,
          gammafunk_temple_overflow_statue, serial_shops, nicolae_shop_trees,
          ebering_ghost_xom, minivault_4
D:10:     layout_basic, enter_trove_6, minmay_starry_boxes
D:11:     layout_basic, david_lair_generic, david_orc_5,
          nicolae_hepliaklqana_monster_ancestors
D:12:     layout_small_grid, bloody_makhleb
D:13:     layout_basic, erik_vaults_1, serial_shops, kennysheep_mini,
          kennysheep_generic_room_10
D:14:     layout_basic, dk_noncrumbling_2, guppyfry_shop_venom
D:15:     gammafunk_enter_depths_forms, layout_gridville,
          hangedman_decor_diamond_cutter, uniq_louise
Lair:1:   layout_chaotic_city, nicolae_volcano_entry_s_turn, lemuel_fruit_tree
Lair:2:   layout_chaotic_city, spider_nest_entry_funnel_web,
          infiniplex_staircase_pool, uniq_gastronok
Lair:3:   layout_misc_corridors, minmay_swamp_entry_swarm, uniq_prince_ribbit2,
          uniq_urug
Lair:4:   layout_loops_ring, serial_rivers, chequers_serial_rivers_micro_e,
          chequers_serial_rivers_small_3, chequers_serial_rivers_micro_e,
          chequers_serial_rivers_room_b
Lair:5:   layout_loops_ring, slime_altar_1, serial_bayou_shore_a,
          infiniplex_staircase_pool_2
Lair:6:   grunt_lair_end_beastmaster, layout_cave_pods,
          gammafunk_ghost_wrathful_warriors, portal_ice_cave_rime
Swamp:1:  layout_basic_swamp, nicolae_swamp_godswood, swamp_pool1, uniq_nikola
Swamp:2:  layout_falls_marsh, nicolae_swamp_stair_fork, uniq_roxanne
Swamp:3:  layout_basic_swamp, evilmike_swamp_ruin_house_3, uniq_mara
Swamp:4:  swamp_vile, layout_basic_swamp, swamp_pool3, nicolae_swamp_bean_lake
Spider:1: layout_spider_delve
Spider:2: layout_spider_delve, uniq_arachne
Spider:3: layout_spider_delve
Spider:4: spider_rune_water, uniq_aizul
Slime:1:  layout_caves
Orc:1:    layout_caves, statue_in_the_mist_lemuel, uniq_erolcha
Orc:2:    st_orc_open, layout_caves

Skill      XL: |  1  2  3  4  5  6  7  8  9 10 11 12 13 14 15 16 17 |
---------------+----------------------------------------------------+-----
Fighting       | 4 5 7 8 9 10 11 12 13 14 15 | 15.8
Axes           | 4 6 7 8 9 12 13 14 15 16 17 | 17.4
Armour         | 3 4 5 7 9 10 12 13 14 16 17 | 17.8
Stealth        | 1 2 3 7 9 10 | 10.2
Dodging        | 3 4 5 6 7 8 9 10 | 10.8
Shields        | 1 5 8 9 11 12 14 16 17 | 17.1
Throwing       | 1 |  1.3
Maces & Flails | 1 6 |  6.8
Polearms       | 2 |  2.6
Evocations     | |  0.7

Action                   |  1- 3 |  4- 6 |  7- 9 | 10-12 | 13-15 | 16-18 || total
-------------------------+-------+-------+-------+-------+-------+-------++-------
Melee: Hand axe          |    74 |    80 |   295 |   497 |   218 |       ||  1164
       Headbutt          |    13 |    11 |    64 |   164 |   370 |   235 ||   857
       Eveningstar       |       |       |       |     5 |       |       ||     5
       War axe           |       |       |       |       |   817 |   133 ||   950
       Demon whip        |       |       |       |       |       |   268 ||   268
       Broad axe         |       |       |       |       |       |   387 ||   387
Throw: Dart              |       |       |     1 |     1 |     3 |     6 ||    11
       Javelin           |       |       |       |     6 |       |       ||     6
Invok: Berserk           |       |     1 |     4 |     5 |    11 |     4 ||    25
       Brothers in Arms  |       |       |     1 |     1 |     8 |     6 ||    16
       Trog's Hand       |       |       |       |     2 |     5 |     5 ||    12
 Abil: Evoke Blink       |       |       |       |       |     3 |     2 ||     5
Evoke: Wand              |       |       |       |     2 |     4 |     2 ||     8
  Use: Scroll            |       |     1 |     8 |    14 |    10 |     5 ||    38
       Potion            |       |       |     3 |     4 |     1 |     9 ||    17
 Stab: Sleeping          |       |       |       |    13 |    13 |       ||    26
       Petrified         |       |       |       |       |     4 |       ||     4
Armor: Animal skin       |     5 |       |       |       |       |       ||     5
       Scale mail        |    17 |    24 |    29 |       |       |       ||    70
       Ring mail         |       |       |    55 |   126 |   100 |       ||   281
       Gold dragon scale |       |       |       |       |   198 |   555 ||   753
Dodge: Dodged            |    40 |    31 |   226 |   189 |   286 |   251 ||  1023
Block: Kite shield       |       |       |    55 |   228 |   471 |       ||   754
       Tower shield      |       |       |       |       |   137 |  1029 ||  1166

Table legend: (Time is in decaauts)
 A = Elapsed time spent in this place.
 B = Non-inter-level travel time spent in this place.
 C = Inter-level travel time spent in this place.
 D = Time resting spent in this place.
 E = Time spent auto-exploring this place.
 F = Levels seen in this place.
 G = Mean time per level.
                   A        B        C        D        E       F      G
               +--------+--------+--------+--------+--------+-----+--------+
         Total |  33542 |  32130 |   1412 |   3106 |  14334 |  32 | 1048.2 |
       Dungeon |  17463 |  16816 |    647 |   1794 |   8431 |  15 | 1164.2 |
          Lair |   7186 |   6628 |    558 |    208 |   3101 |   6 | 1197.7 |
         Swamp |   5220 |   5086 |    134 |   1091 |   1709 |   4 | 1305.0 |
   Spider Nest |   2408 |   2338 |     70 |      3 |    936 |   4 |  602.0 |
    Slime Pits |      1 |      1 |      0 |      0 |      0 |   1 |    1.0 |
  Orcish Mines |   1262 |   1260 |      2 |     10 |    156 |   2 |  631.0 |
               +--------+--------+--------+--------+--------+-----+--------+

Top non-repeatable levels by time:
  Lair:6: 1977 daAuts
     D:3: 1781 daAuts
    D:15: 1753 daAuts
 Swamp:1: 1727 daAuts
    D:14: 1558 daAuts
 Swamp:3: 1492 daAuts
 Swamp:4: 1446 daAuts
     D:6: 1352 daAuts
    D:11: 1345 daAuts
  Lair:3: 1293 daAuts
    D:13: 1281 daAuts
     D:9: 1156 daAuts
     D:7: 1111 daAuts
Spider:1: 1081 daAuts
  Lair:5: 1065 daAuts
